 Dungeon Crawl Stone Soup version 0.18.1-8-gdd0e5ea (webtiles) character file.

251 Implojin the Insei (level 5, -1/41 HPs)
             Began as a Mummy Monk on May 22, 2016.
             Slain by a giant frog skeleton (6 damage)
             ... on level 4 of the Dungeon.
             The game lasted 00:14:13 (7673 turns).

Implojin the Insei (Mummy Monk)                     Turns: 7673, Time: 00:14:14

Health: -1/41      AC:  2    Str: 15    XL:     5   Next: 88%
Magic:  5/5        EV: 13    Int: 11    God:
Gold:   246        SH:  0    Dex: 15    Spells: 0 memorised, 4 levels left

rFire  x . .     SeeInvis .       - Unarmed
rCold  + . .     Gourm    .     (no armour)
rNeg   + + +     Faith    .     (no shield)
rPois  ∞         Spirit   .     i - +1 helmet
rElec  .         Dismiss  .     (no cloak)
rCorr  .         Reflect  .     (no gloves)
SustAt .         Harm     .     (no boots)
MR     .....                    (no amulet)
Stlth  ++........               (no ring)
                                b - +2 ring of intelligence

@: not resistant to hostile enchantments, unstealthy
A: no food or potions, fire vulnerability, cold resistance 1, negative energy
resistance 3, torment resistance, unbreathing
a: no special abilities


You were on level 4 of the Dungeon.
You were not hungry.

You visited 1 branch of the dungeon, and saw 4 of its levels.

You collected 246 gold pieces.

Inventory:

Armour
 i - a +1 helmet (worn)
Jewellery
 a - an uncursed ring of flight
 b - a +2 ring of intelligence (left hand)
Scrolls
 e - 2 scrolls of remove curse
 g - a scroll of immolation
 h - a scroll of enchant weapon
 j - a scroll of random uselessness
Comestibles
 f - 3 bread rations (quivered)


   Skills:
 * Level 3.0 Fighting
 - Level 2.4 Dodging
 - Level 1.5 Stealth
 - Level 6.0 Unarmed Combat


You had 4 spell levels left.
You didn't know any spells.

Dungeon Overview and Level Annotations

Branches:
Dungeon (4/15)
 Temple: D:4-7

Altars:
Elyvilon
Fedhas
Gozag
Yredelemnul

Annotations:
D:2 Ijyb
D:3 Blork the orc
D:4 2 exclusions, Purgy


Innate Abilities, Weirdness & Mutations

You do not eat or drink.
Your flesh is vulnerable to fire.
You are immune to poison.
Your flesh is cold resistant.
You are immune to negative energy.
You are immune to unholy pain and torment.
You can survive without breathing.


Message History

The centaur shoots an arrow.
The arrow misses you.
The centaur unwields an uncursed shortbow.
The centaur hits you. x2
You hit the centaur.
The centaur is lightly wounded.
The centaur barely misses you.
You hit the centaur.
The centaur is moderately wounded.
The centaur hits you.
You punch the centaur!
The centaur is severely wounded.
The centaur barely misses you. The centaur hits you.
You hit the centaur.
The centaur is almost dead.
The centaur hits you.
You hit the centaur.
The centaur is almost dead.
The centaur hits you!
* * * LOW HITPOINT WARNING * * *
The centaur hits you.
* * * LOW HITPOINT WARNING * * *
You hit the centaur.
You kill the centaur!
Your Unarmed Combat skill increases to level 6!
The giant frog skeleton hits you.
* * * LOW HITPOINT WARNING * * *
You punch the giant frog skeleton! The giant frog skeleton hits you.
* * * LOW HITPOINT WARNING * * *
You completely miss the giant frog skeleton.
The giant frog skeleton hits you.
* * * LOW HITPOINT WARNING * * *
Read which item? (? for menu, Esc to quit)
Okay, then.
Unknown command.
You hit the giant frog skeleton.
The giant frog skeleton completely misses you.
You barely miss the giant frog skeleton.
The giant frog skeleton barely misses you.
You hit the giant frog skeleton. The giant frog skeleton hits you.
You die...

#.. .... ....... #.. ....
......... #.. .....
......... ### .....8
:8.......
........♣♣........
........♣♣........#
.......8.)8.......#
.........@Z.$.....#
..................#
#................##....
#.!............##T...##.#
#....(.......###..... ..
##....(...(.## #....# (.
##........## #...! ..
####('#### ... .. #..#
#.# ..


You could see a giant frog skeleton.

Vanquished Creatures
  A centaur (D:4)
  7 adders
  An ooze (D:4)
  3 dart slugs
  2 giant geckos
  6 orcs
  6 bats
  A giant cockroach (D:2)
  16 goblins
  4 hobgoblins
  11 jackals
  8 kobolds
  3 quokkas (D:3)
  5 giant newts
  A quokka skeleton (D:4)
  10 rats
85 creatures vanquished.

Notes
Turn   | Place    | Note
--------------------------------------------------------------
     0 | D:1      | Implojin the Mummy Monk began the quest for the Orb.
     0 | D:1      | Reached XP level 1. HP: 18/18 MP: 1/1
   186 | D:1      | Reached XP level 2. HP: 9/24 MP: 2/2
   852 | D:1      | Reached skill level 4 in Unarmed Combat
  1260 | D:2      | Reached XP level 3. HP: 26/29 MP: 3/3
  2365 | D:3      | Found a white marble altar of Elyvilon.
  2575 | D:3      | Reached XP level 4. HP: 14/35 MP: 4/4
  2827 | D:3      | Found an opulent altar of Gozag.
  2906 | D:3      | Noticed Ijyb
  3604 | D:3      | Reached skill level 5 in Unarmed Combat
  3865 | D:3      | Found a blossoming altar of Fedhas.
  4873 | D:4      | Noticed a centaur
  6101 | D:4      | Reached XP level 5. HP: 40/41 MP: 5/5
  6269 | D:4      | Found a basalt altar of Yredelemnul.
  7365 | D:4      | Noticed Blork the orc
  7630 | D:4      | Noticed Purgy
  7668 | D:4      | Killed a centaur
  7668 | D:4      | Reached skill level 6 in Unarmed Combat
  7673 | D:4      | Slain by a giant frog skeleton

Skill      XL: |  1  2  3  4  5 |
---------------+----------------+-----
Unarmed Combat | 4 5 6 |  6.0
Fighting       | |  3.0
Dodging        | |  2.4
Stealth        | |  1.5

Action                   |  1- 3 |  4- 6 || total
-------------------------+-------+-------++-------
Melee: Unarmed           |   180 |   275 ||   455
       Punch             |     2 |     7 ||     9
  Use: Scroll            |       |     6 ||     6
 Stab: Sleeping          |     6 |     1 ||     7
       Distracted        |       |     1 ||     1
Armor: Skin              |       |    12 ||    12
Dodge: Dodged            |   145 |   168 ||   313

Table legend:
 A = Turns spent in this place as a percentage of turns spent in the entire game.
 B = Non-inter-level travel turns spent in this place as a percentage of non-inter-level travel turns spent in the entire game.
 C = Inter-level travel turns spent in this place as a percentage of turns spent in this place.
 D = Turns resting spent in this place as a percentage of non-inter-level travel turns spent in this place.
 E = Turns spent auto-exploring this place as a percentage of non-inter-level travel turns spent in this place.
 F = Non-inter-level travel turns spent in this place divided by the number of levels of this place that you've seen.
                   A       B       C       D       E      F
               +-------+-------+-------+-------+-------+----------------------
         Total | 100.0 | 100.0 |   0.4 |   3.3 |   3.9 | 559.0
       Dungeon | 100.0 | 100.0 |   0.4 |   3.3 |   3.9 | 559.0
               +-------+-------+-------+-------+-------+----------------------

Table legend:
 A = Kills in this place as a percentage of kills in entire the game.
 B = Kills by you in this place as a percentage of kills by you in the entire game.
 C = Kills by friends in this place as a percentage of kills by friends in the entire game.
 D = Other kills in this place as a percentage of other kills in the entire game.
 E = Experience gained in this place as a percentage of experience gained in the entire game.
 F = Experience gained in this place divided by the number of levels of this place that you have seen.
                   A       B       C       D       E      F
               +-------+-------+-------+-------+-------+----------------------
         Total | 100.0 | 100.0 |  -nan |  -nan | 100.0 |  89.8
       Dungeon | 100.0 | 100.0 |  -nan |  -nan | 100.0 |  89.8
               +-------+-------+-------+-------+-------+----------------------
